Alfonso Jesus Blanc, neutral male human Barbarian --- --.-- --- |...| ---- --.-- --...--...-- --<..-- -..........--- | |.....| ............ --.. ----....------ -...*...... |.............--..|---........ |...........*.....||........ -........|...---.---......- |.......----.-- |.||......- --.....- --- |.---.....--- -...-- ---...........| |...- -----....----.....-- --. |.....--.| --G.r....- -- --.-----..| |..@....-- --...|.....| |.......| |......----- --.....-- --..---- -----.| ---- -- Alfonso Jesus Blanc the Barbarian Experience level: 6 Strength: 18/04 Dexterity: 17 Constitution: 16 Intelligence: 7 Wisdom: 9 Charisma: 6 Health: 0(65) Energy: 13(13) Def: 8 Gold: 412 Moves: 1867 Dungeon seed [set]: Game ID: Alfonso Jesus Blanc_1700061496 Your Inventory: Coins $ - 412 gold pieces Weapons q - an uncursed +0 orcish dagger v - an uncursed +0 elven spear (alternate weapon; not wielded) E - an uncursed +0 dwarvish mattock F - an uncursed +0 dwarvish short sword (weapon in hand) O - a cursed +0 battle-axe P - 22 cursed +0 darts W - 11 uncursed +0 arrows (in quiver) X - an uncursed +2 bow Armor r - an uncursed +0 dwarvish cloak (being worn) G - an uncursed +0 pair of iron shoes (being worn) Q - a cursed +0 dwarvish roundshield (being worn) R - a cursed +0 ring mail (being worn) Y - an uncursed +0 dwarvish iron helm (being worn) Comestibles b - an uncursed partly eaten gnome lord corpse c - an uncursed food ration Scrolls h - an uncursed scroll of teleportation k - a cursed scroll of identify I - a cursed scroll of light N - a blessed scroll of teleportation Potions o - a cursed potion of invisibility D - an uncursed potion of extra healing L - an uncursed potion of fruit juice M - a cursed potion of healing Rings i - a blessed +3 ring of gain strength (on left hand) B - an uncursed ring of shock resistance (on right hand) K - a cursed -2 ring of gain strength Wands s - an uncursed wand of undead turning (0:7) t - an uncursed wand of striking (0:3) J - a cursed wand of undead turning (0:5) Tools g - an uncursed mirror A - a blessed oil lamp (lit) (0:417) S - a cursed bag of holding T - 3 blessed wax candles (0:400) Gems e - an uncursed worthless piece of green glass n - an uncursed garnet y - an uncursed worthless piece of white glass U - 3 cursed worthless pieces of violet glass V - a cursed worthless piece of white glass Spells and supernatural/magical abilities: Name Level Category Fail Memory W - pray for help -- divine ? -- Your skills at the end: Miscellaneous Skills bare handed combat [Basic] Weapon Skills axe [Basic] short sword [Basic] Spellcasting Skills Final Attributes: You were piously aligned. You were shock resistant. You were poison resistant. Your writing hand was cramped from overuse. You were telepathic. You are dead. Vanquished creatures: 2 black puddings a giant beetle a water nymph a bugbear 2 gnome lords a kobold mummy 2 elf zombies a straw golem 2 floating eyes 2 dwarves an iguana 3 coyotes a hobbit a large kobold 2 geckos 3 giant rats a red mold 8 gnomes 4 jackals 3 newts 3 goblins 4 lichens 49 creatures vanquished. Voluntary challenges: You did not cause conflict. You were not invisible. You did not have reflection. You were not displaced. You did not donate to any temples.. You used a wielded weapon 84 times, starting on turn 98. You did not apply a unicorn horn. You did not use sinks. You read items or engraved 6 times, starting on turn 571. You never genocided any monsters. You never polymorphed an object. You never changed form. You used no wishes. You did not use any artifacts. You split 2 puddings, starting on turn 933. You wrote Elbereth's name 4 times, starting on turn 1021. You never violated your personal moral code. Dungeon overview: The Dungeons of Doom: levels 1 to 3 Level 1 a fountain a long staircase Level 2 a vault, a weapon shop, a sink Level 3 stairs to The Gnomish Mines The Gnomish Mines: levels 4 to 7 Level 4 stairs to The Dungeons of Doom Level 5 Level 6 a shop, a temple to an unknown god Level 7 <- You were here History has recorded: On T:1 you entered the Dungeons of Doom to retrieve the Amulet of Yendor! On T:184 you advanced to experience level 2. On T:383 you reached level 2 of The Dungeons of Doom. On T:383 you unlocked the Ranger role by using stairs. On T:504 you advanced to experience level 3. On T:936 you advanced to experience level 4. On T:936 you advanced to experience level 5. On T:938 you reached level 3 of The Dungeons of Doom. On T:942 you advanced to experience level 6. On T:1175 you became pious. On T:1274 you reached level 1 of The Gnomish Mines. On T:1274 you unlocked the Rogue role by using long stairs. On T:1281 you reached level 2 of The Gnomish Mines. On T:1413 you prayed to Crom. On T:1500 you reached level 3 of The Gnomish Mines. On T:1747 you prayed to Crom. On T:1773 you reached level 4 of The Gnomish Mines. On T:1866 you prayed to Crom. Score breakdown: Gold: 412 ( 41 points) Experience: 6 levels ( 500 points) Exploration: 7 levels ( 180 points) Discoveries: 4 items ( 200 points) Variety of kills: 22 monsters ( 1100 points) Major goal: (nothing yet) ( 0 points) Survival: died (score multiplied by 3) Total score: 6063 Latest messages: b - a gnome lord corpse. You rebalance your load. Movement is difficult. This gnome lord corpse tastes terrible! You hear crashing rock. You stop eating. You stab the rabid rat! The rabid rat bites! (2x) The rabid rat's bite was poisoned, but it doesn't affect you. You stab the rabid rat! The rabid rat just misses! The rabid rat misses. The gnome punches you! The rabid rat bites! You hear crashing rock. You begin praying to Crom. The rabid rat bites! The gnome misses. The rabid rat bites! You die... The bag of holding is empty. Final status: Goodbye Alfonso Jesus Blanc the Barbarian, killed by a rabid rat, while praying... You died in The Gnomish Mines on dungeon level 7 with 6063 points, and 412 pieces of gold, after 1867 moves. You were level 6 with a maximum of 65 hit points when you died.